 Dungeon Crawl Stone Soup version 0.25-a0-589-g1e14c549ee (webtiles) character file.

Game seed: 4605391201615933708, levelgen mode: deterministic

5231 vurker the Zephyrmancer (level 10, 48/48 HPs)
             Began as a Felid Air Elementalist on Mar 11, 2020.
             Was an Elder of Vehumet.
             Quit the game on level 12 of the Dungeon.
             The game lasted 00:31:36 (24147 turns).

vurker the Zephyrmancer (Felid Air Elementalist)   Turns: 24147, Time: 00:31:37

Health: 48/48      AC:  4    Str:  4    XL:     10   Next: 35%
Magic:  34/34      EV: 20    Int: 19    God:    Vehumet [****..]
Gold:   281        SH:  8    Dex: 18    Spells: 20/30 levels left
                                        Lives:  0   Deaths: 3

rFire    . . .     SeeInvis +   (weapon unavailable)
rCold    . . .     Gourm    .   (shield unavailable)
rNeg     . . .     Faith    .   (armour unavailable)
rPois    .         Spirit   .   (helmet unavailable)
rElec    .         Reflect  +   (cloak unavailable)
rCorr    .         Harm     .   (gloves unavailable)
MR       +....     Clarity  +   (boots unavailable)
Stlth    +++++.....             a - +4 amulet of reflection
HPRegen  0.16/turn              F - ring of magical power
MPRegen  0.24/turn              B - ring of Shadows {Umbra +Inv Stlth+}

@: wreathed by umbra, quick
A: very small, no armour, no weapons or thrown items, stealth, claws 1, fangs 3,
horns 1, large bone plates 1, molten scales 1, see invisible, carnivore,
clarity, speed 1, shaggy fur 2, slow metabolism 1, sharp paws
a: Renounce Religion, Evoke Invisibility


You were on level 12 of the Dungeon.
You worshipped Vehumet.
Vehumet was greatly pleased with you.
You were not hungry.

You visited 2 branches of the dungeon, and saw 13 of its levels.
You also visited: Ice Cave.

You collected 578 gold pieces.
You spent 297 gold pieces at shops.

Inventory:

Jewellery
 a - a +4 amulet of reflection (around neck)
   (You took it off a goblin on level 1 of the Dungeon)
 s - an uncursed ring of resist corrosion
   (You found it on level 4 of the Dungeon)
 B - the ring of Shadows (right paw) {Umbra +Inv Stlth+}
   (You found it on level 7 of the Dungeon)

   [ring of stealth]

   It lets you turn invisible.
   It makes you more stealthy.
 C - an uncursed ring of fire
   (You found it on level 10 of the Dungeon)
 F - a ring of magical power (left paw)
   (You found it on level 10 of the Dungeon)
Wands
 d - a wand of iceblast (9)
   (You bought it in a shop on level 11 of the Dungeon)
 p - a wand of polymorph (17)
   (You found it on level 5 of the Dungeon)
 t - a wand of flame (16)
   (You found it on level 2 of the Dungeon)
 u - a wand of paralysis (5)
   (You found it on level 7 of the Dungeon)
 v - a wand of digging (6)
   (You found it on level 8 of the Dungeon)
Scrolls
 b - 9 scrolls of remove curse
 c - 10 scrolls of teleportation
 i - a scroll of magic mapping {unknown}
 n - 2 scrolls of noise
 r - a scroll of amnesia {unknown}
 w - a scroll of summoning {unknown}
 x - 4 scrolls of blinking
 y - 2 scrolls of enchant armour {unknown}
 z - a scroll of fear {unknown}
 E - a scroll of identify
 H - a scroll of fog
Potions
 f - 3 potions of mutation
 g - a potion of ambrosia
 h - 2 potions of invisibility
 j - 5 potions of curing
 k - 5 potions of flight
 l - 3 potions of lignification
 m - a potion of heal wounds
 o - a potion of brilliance
 A - a potion of cancellation
 D - 5 potions of haste
 G - a potion of magic
Miscellaneous
 q - a lamp of fire
   (You found it on level 11 of the Dungeon)
Comestibles
 e - 21 rations


   Skills:
 + Level 7.9 Fighting
 + Level 4.6 Dodging
 - Level 2.6 Stealth
 * Level 10.5 Spellcasting
 - Level 8.0 Conjurations
 * Level 10.7 Air Magic


You had 20 spell levels left.
You knew the following spells:

 Your Spells              Type           Power        Failure   Level  Hunger
a - Shock                 Conj/Air       ####         1%          1    None
b - Lightning Bolt        Conj/Air       #####.....   1%          5    ####...
c - Airstrike             Air            ######....   1%          4    ##.....

Your spell library contained the following spells:

 Spells                   Type           Power        Failure   Level  Hunger
 Lee's Rapid Deconstruct  Erth           ##........   43%         5    ####...
 Poisonous Vapours        Pois/Air       ####..       1%          2    None
 Swiftness                Chrm/Air       ####....     1%          2    None
 Mephitic Cloud           Conj/Pois/Air  ####....     1%          3    None
 Static Discharge         Conj/Air       #####...     1%          3    None
 Ignite Poison            Fire/Tmut/Pois ##......     6%          3    None
 Animate Skeleton         Necr           N/A          7%          1    None
 Pain                     Necr           ##..         7%          1    None
 Sting                    Tmut/Pois      ##..         7%          1    None
 Olgreb's Toxic Radiance  Pois           ##......     17%         4    ##.....
 Vampiric Draining        Necr           ##........   22%         3    None
 Animate Dead             Necr           N/A          56%         4    ##.....
 Agony                    Necr           ##......     89%         5    ####...


Dungeon Overview and Level Annotations

Branches:
Dungeon (12/15)            Temple (1/1) D:6            Lair (0/6) D:8
    Orc (0/2) D:9           IceCv (visited)

Altars:
Dithmenos
Elyvilon
Fedhas
Gozag
Makhleb
Nemelex Xobeh
Okawaru
Qazlal
Ru
Sif Muna
Trog
Uskayaw
Vehumet
Wu Jian
Xom
Yredelemnul

Shops:
D:7 *   D:9 }   D:11 *

Annotations:
D:4 2 transporters
D:8 1 runed translucent door, sixsigma's ghost, novice MiFi


Innate Abilities, Weirdness & Mutations

You cannot wear armour.
You are incapable of wielding weapons or throwing items.
Your paws allow you to move quietly. (Stealth)
You have sharp claws.
You have razor-sharp teeth.
You have supernaturally acute eyesight. (SInv)
You are carnivorous and can eat meat at any time.
You cover ground quickly.
You are covered in thick fur. (AC +2)
You have a slow metabolism.
Your sharp claws are effective at attacking unaware monsters.
You have a pair of small horns on your head.
You are partially covered in large bone plates. (SH +4)
You are partially covered in molten scales. (AC +2)
You possess an exceptional clarity of mind.


Message History

Found a scroll labeled BODOSI BEGIAJ.
y - 2 scrolls labeled BODOSI BEGIAJ (gained 1)
Items here: ( )) [[ รท You see here an arrow.
There is an open door here.
There is an open door here.
Found a stone staircase leading up.
Found 19 gold pieces.
You now have 271 gold pieces (gained 19).
Found an escape hatch in the ceiling.
There is an open door here.
There is an open door here.
Found a potion of haste.
Found a scroll of teleportation.
c - 9 scrolls of teleportation (gained 1)
D - 5 potions of haste (gained 1)
There is an open door here.
A cyclops comes into view.
Found a stone staircase leading down.
A cyclops is nearby!
A cyclops is nearby!
Aim: a cyclops, quivering 6 large rocks (hasn't noticed you)
The air twists around and strikes the cyclops!
The cyclops shouts!
The cyclops throws a large rock.
You reflect the large rock off an invisible shield around you!
The large rock barely misses the cyclops.
Aim: a cyclops, quivering 5 large rocks (moderately wounded)
The air twists around and strikes the cyclops!
Aim: a cyclops, quivering 5 large rocks (moderately wounded)
The air twists around and strikes the cyclops!
The cyclops throws a large rock.
The large rock hits you!!!
Ouch! That really hurt!
* * * LOW HITPOINT WARNING * * *
Aim: a cyclops, quivering 4 large rocks (severely wounded)
The air twists around and strikes the cyclops!
The cyclops throws a large rock.
The large rock hits you!!
You die...
You are now level 10!
You rejoin the land of the living...
Found 10 gold pieces.
Found a scroll of teleportation.
You can't see any susceptible monsters within range! (Use Z to cast anyway.)
You can't see any susceptible monsters within range! (Use Z to cast anyway.)
You now have 281 gold pieces (gained 10).
c - 10 scrolls of teleportation (gained 1)
A brown ugly thing comes into view.
A brown ugly thing is nearby!
A brown ugly thing is nearby!
A brown ugly thing is nearby!

#.# #'## #.# ##...## #.#
##.....## ##.##
##(.....(##
#...####.........#
.......'.........'
#...####.........####...
##.## ##.......>..u...#
..... ##.....#@#
##.###.# #...##.# #.#
#.# #+###.# ##.# #.#
#.###.# .. #.# ###..##.#
.# #.# #.......#
.#####.# #.......###.
.......###............
.####.............##.#


You could see a brown ugly thing (wandering).

Vanquished Creatures
  Erolcha (D:9)
  Harold (D:9)
  2 two-headed ogres (D:9)
  A tengu warrior (D:12)
  Pikel (D:7)
  A necromancer (IceCv)
  An ugly thing (D:11)
  3 ice statues (IceCv)
  Psyche (D:9)
  Maurice (D:11)
  Maggie (D:9)
  5 ice devils (IceCv)
  A hornet (D:7)
  3 hippogriffs
  A shadow (D:9)
  Sigmund (D:2)
  A spriggan (D:8)
  A wraith (D:10)
  A wyvern (D:9)
  A basilisk (D:8)
  3 hungry ghosts
  Eustachio (D:4)
  A yak (D:8)
  3 steam dragons (D:10)
  Edmund (D:6)
  2 water moccasins
  Duvessa (D:6)
  2 slaves (D:7)
  3 ice beasts
  An orc warrior (D:11)
  4 sky beasts (D:6)
  A necrophage (D:7)
  An eye of draining (D:9)
  3 ogres
  A crocodile (D:8)
  9 centaurs
  A big kobold (D:7)
  A gnoll sergeant (D:9)
  7 bullfrogs
  Dowan (D:6)
  2 wyvern skeletons
  3 scorpions
  3 killer bees (D:9)
  4 wights (D:6)
  4 howler monkeys
  5 crimson imps
  A bullfrog zombie (D:7)
  2 centaur zombies
  2 jellies (D:9)
  3 quasits
  3 draconian simulacra (IceCv)
  8 hounds
  Crazy Yiuf (D:7)
  3 orc priests
  A bullfrog skeleton (D:11)
  5 centaur skeletons
  8 orc wizards
  An iguana (D:10)
  2 spriggan simulacra (IceCv)
  14 worker ants
  A troll simulacrum (IceCv)
  A centaur simulacrum (IceCv)
  2 hound zombies
  A worker ant zombie (D:6)
  8 gnolls (D:9)
  3 naga simulacra (IceCv)
  8 adders
  A shadow imp (D:8)
  12 white imps (D:11)
  2 adder zombies
  An adder skeleton (D:7)
  4 worms
  A dart slug (D:2)
  6 leopard geckos
  31 orcs
  7 bats
  6 giant cockroaches
  8 hobgoblins
  20 jackals
  12 kobolds
  3 quokkas
  7 ball pythons
  12 frilled lizards
  11 goblins
  A jackal zombie (D:7)
  7 rats
327 creatures vanquished.

Vanquished Creatures (others)
  A slave (D:7)
  3 centaurs
  A quokka skeleton (D:7)
  8 fungi (D:10)
13 creatures vanquished.

Grand Total: 340 creatures vanquished

Notes
Turn   | Place    | Note
-------+----------+-------------------------------------------
     0 | D:1      | vurker the Felid Air Elementalist began the quest for the
                  | Orb.
     0 | D:1      | Reached XP level 1. HP: 7/7 MP: 4/4
    69 | D:1      | Reached skill level 1 in Conjurations
   313 | D:1      | Reached XP level 2. HP: 12/12 MP: 3/6
   858 | D:1      | Reached skill level 1 in Fighting
   933 | D:1      | Reached XP level 3. HP: 15/15 MP: 3/7
  2421 | D:2      | Reached XP level 4. HP: 18/19 MP: 5/9
  2900 | D:2      | Noticed Sigmund
  3001 | D:2      | Found a faded altar of an unknown god.
  3207 | D:3      | Found a shimmering blue altar of Sif Muna.
  3817 | D:3      | Reached XP level 5. HP: 22/22 MP: 4/10
  4506 | D:3      | Found a sparkling altar of Nemelex Xobeh.
  4513 | D:3      | Found a blossoming altar of Fedhas.
  4514 | D:3      | Found an opulent altar of Gozag.
  4515 | D:3      | Found a stormy altar of Qazlal.
  4515 | D:3      | Found a basalt altar of Yredelemnul.
  4517 | D:3      | Found a white marble altar of Elyvilon.
  4518 | D:3      | Found an iron altar of Okawaru.
  5010 | D:3      | Learned a level 5 spell: Lightning Bolt
  5015 | D:3      | Learned a level 4 spell: Airstrike
  5073 | D:4      | Noticed Eustachio
  5537 | D:4      | Found a transporter.
  5736 | D:4      | Found a transporter.
  5967 | D:5      | Entered Level 5 of the Dungeon
  6281 | D:5      | Noticed a centaur
  6285 | D:5      | Shot with an arrow by a centaur
  6286 | D:5      | Reached XP level 4. HP: -1/19 MP: 2/10
  6324 | D:5      | Killed a centaur
  6324 | D:5      | Reached XP level 5. HP: 14/23 MP: 7/11
  6539 | D:5      | Noticed an ogre
  6612 | D:5      | Killed an ogre
  6612 | D:5      | Gained mutation: You are covered in thick fur. (AC +2)
                  | [Felid growth]
  6612 | D:5      | Reached XP level 6. HP: 27/27 MP: 0/12
  7308 | D:4      | Found a transporter.
  7601 | D:4      | Found a transporter.
  7816 | D:4      | Killed Eustachio
  8296 | D:2      | Killed Sigmund
  8296 | D:2      | Reached skill level 5 in Air Magic
  8296 | D:2      | Reached XP level 7. HP: 15/31 MP: 1/14
  8671 | D:6      | Gained mutation: You are partially covered in large bone
                  | plates. (SH +4) [potion of mutation]
  8671 | D:6      | Gained mutation: You possess an exceptional clarity of
                  | mind. [potion of mutation]
  8671 | D:6      | Gained mutation: You have a pair of small horns on your
                  | head. [potion of mutation]
  8671 | D:6      | Gained mutation: You are partially covered in molten
                  | scales. (AC +2) [potion of mutation]
  8902 | D:6      | Reached skill level 5 in Spellcasting
  9142 | D:6      | Reached XP level 8. HP: 36/36 MP: 1/17
  9860 | D:6      | Found a staircase to the Ecumenical Temple.
  9921 | Temple   | Entered the Ecumenical Temple
  9941 | Temple   | Became a worshipper of Vehumet
 10247 | D:6      | Noticed Duvessa
 10250 | D:6      | Noticed Dowan
 10258 | D:6      | Killed Duvessa
 10378 | D:6      | Killed Dowan
 10858 | D:6      | Noticed Edmund
 10993 | D:6      | Killed Edmund
 11349 | D:6      | Found a staircase to the Ecumenical Temple.
 11646 | D:7      | Reached XP level 9. HP: 39/39 MP: 14/19
 12193 | D:7      | Found Jiacw's Assorted Antiques.
 12202 | D:7      | Bought a scroll of identify for 38 gold pieces
 12202 | D:7      | Bought a scroll labeled XAFI KIHEGH for 19 gold pieces
 12202 | D:7      | Bought an amethyst potion for 17 gold pieces
 12202 | D:7      | Bought a fuming green potion for 17 gold pieces
 12202 | D:7      | Bought an amethyst potion for 17 gold pieces
 12202 | D:7      | Bought a scroll of teleportation for 57 gold pieces
 12613 | D:7      | Reached skill level 5 in Fighting
 12668 | D:7      | Reached * piety under Vehumet
 12668 | D:7      | Offered knowledge of Magic Dart by Vehumet.
 13048 | D:7      | Reached skill level 5 in Conjurations
 13284 | D:7      | Noticed Pikel
 13333 | D:7      | Killed Pikel
 13631 | D:7      | Found the ring of Shadows {Umbra +Inv Stlth+}
 13693 | D:7      | Found a runed translucent door.
 13694 | D:7      | Noticed Crazy Yiuf
 13913 | D:7      | Killed Crazy Yiuf
 14081 | D:8      | Reached XP level 10. HP: 44/45 MP: 6/22
 14323 | D:8      | Found a runed translucent door.
 14324 | D:8      | Found a shimmering altar of Xom.
 14324 | D:8      | Noticed sixsigma's ghost (novice MiFi)
 14325 | D:8      | Noticed a +1 whip of chaos
 15172 | D:8      | Found a staircase to the Lair.
 15622 | D:9      | Noticed Erolcha
 15623 | D:9      | Noticed Harold
 15888 | D:9      | Found Agaolu's Gadget Shoppe.
 16109 | D:9      | Offered knowledge of Foxfire by Vehumet.
 16196 | D:9      | Reached ** piety under Vehumet
 16404 | D:9      | Noticed Psyche
 16409 | D:9      | Killed Psyche
 16702 | D:9      | Killed Harold
 17031 | D:9      | HP: 1/46 [Erolcha/+0 giant club (25)]
 17039 | D:9      | Killed Erolcha
 17372 | D:9      | Noticed a two-headed ogre
 17377 | D:9      | Killed a two-headed ogre
 17377 | D:9      | Reached XP level 11. HP: 49/49 MP: 6/25
 17544 | D:9      | Found a staircase to the Orcish Mines.
 17719 | D:9      | Noticed Maggie
 17732 | D:9      | Killed Maggie
 18119 | D:9      | Noticed a two-headed ogre
 18152 | D:9      | Killed a two-headed ogre
 18361 | D:10     | Entered Level 10 of the Dungeon
 18748 | D:10     | Offered knowledge of Searing Ray by Vehumet.
 19943 | D:11     | Reached *** piety under Vehumet
 20343 | D:11     | Noticed a green ugly thing
 20352 | D:11     | Killed a green ugly thing
 20352 | D:11     | Reached skill level 10 in Air Magic
 20484 | D:11     | Found a frozen archway.
 20493 | D:11     | Offered knowledge of Conjure Flame by Vehumet.
 20652 | IceCv    | Entered an ice cave
 20981 | IceCv    | HP: 1/50 [ice beast[an ice statue] (14)]
 20989 | IceCv    | Slain by an ice beast
 20990 | IceCv    | Reached XP level 10. HP: -5/47 MP: 2/33
 20994 | IceCv    | Noticed a necromancer
 20998 | IceCv    | Killed a necromancer
 21031 | IceCv    | Noticed an ice statue
 21227 | IceCv    | Reached skill level 10 in Spellcasting
 21458 | IceCv    | Killed an ice statue
 22186 | IceCv    | Reached XP level 11. HP: 23/50 MP: 1/26
 23049 | D:11     | Found Typlion's Assorted Antiques.
 23052 | D:11     | Bought a jewelled iron wand for 88 gold pieces
 23052 | D:11     | Bought a scroll of fog for 44 gold pieces
 23143 | D:11     | Noticed Maurice
 23150 | D:11     | Killed Maurice
 23169 | D:11     | Reached **** piety under Vehumet
 23700 | D:12     | Offered knowledge of Lee's Rapid Deconstruction by Vehumet.
 23897 | D:12     | Noticed a tengu warrior
 23920 | D:12     | Killed a tengu warrior
 24119 | D:12     | Hit by a large rock thrown by a cyclops
 24120 | D:12     | Reached XP level 10. HP: -7/48 MP: 20/34
 24146 | D:12     | Noticed a brown ugly thing
 24147 | D:12     | Quit the game

Levels and vault maps discovered:
D:1:      evilmike_arrival_home_sweet_home, layout_loops_ring, serial_glass,
          glass_columns_b, glass_columns_a, minmay_strange_pillars
D:2:      layout_rooms, chequers_ecumenical_altar_lobes, uniq_sigmund
D:3:      layout_loops_ring, led_sif_book, minitemple
D:4:      gammafunk_wand_slinger, layout_loops_corners, first_ration,
          uniq_eustachio
D:5:      layout_basic
D:6:      layout_basic, minmay_temple_entry_mist, uniq_edmund, uniq_duvessa
D:7:      layout_gridville, serial_shops, nicolae_shop_overgrown_old_shop,
          uniq_pikel, uniq_crazy_yiuf_cottage
D:8:      layout_cave_pools, david_lair_generic, ebering_ghost_xom, the_bakery
D:9:      minmay_blocky_corners, layout_rooms, orc_0_dummy, serial_shops,
          kennysheep_mini, uniq_harold, uniq_psyche, uniq_maggie, uniq_erolcha
D:10:     kennysheep_steamy, layout_irregular_city
D:11:     layout_loops_ring, portal_ice_cave_entry_imps, serial_shops, shop,
          uniq_maurice
D:12:     layout_loops_corners, nrook_uturn, kennysheep_generic_room_14
Temple:   nicolae_temple_great_sept

Skill      XL: |  1  2  3  4  5  6  7  8  9 10 11 |
---------------+----------------------------------+-----
Conjurations   | 1 2 3 4 5 7 8 |  8.0
Air Magic      | 3 4 5 6 8 9 10 | 10.7
Fighting       | 1 2 3 4 5 6 7 |  7.9
Spellcasting   | 3 4 5 6 7 10 | 10.5
Dodging        | 3 4 |  4.6
Stealth        | |  2.6

Action                   |  1- 3 |  4- 6 |  7- 9 | 10-12 || total
-------------------------+-------+-------+-------+-------++-------
Melee: Unarmed           |    34 |     2 |     9 |    29 ||    74
       Bite              |     4 |       |     1 |     3 ||     8
       Headbutt          |       |       |       |     5 ||     5
 Cast: Shock             |    91 |   171 |    58 |    35 ||   355
       Airstrike         |       |    11 |   112 |   364 ||   487
       Lightning Bolt    |       |       |     2 |     5 ||     7
Evoke: Wand              |       |     1 |     2 |     5 ||     8
  Use: Potion            |     2 |       |     1 |     2 ||     5
       Scroll            |       |    10 |     3 |     7 ||    20
 Stab: Paralysed         |       |       |       |     6 ||     6
  Eat: Chunk             |    11 |    17 |    25 |    40 ||    93
       Ration            |       |       |     1 |     4 ||     5
Armor: Skin              |     2 |     4 |     9 |    16 ||    31
Dodge: Dodged            |    60 |    36 |    35 |   114 ||   245
Block: Other             |       |     6 |    14 |    55 ||    75
       Reflection        |       |     1 |     3 |    11 ||    15

Table legend:
 A = Non-vault XP
 B = Vault XP
 C = Vault XP percentage of total XP
 D = Non-vault monster count
 E = Vault monster count
 F = Vault count percentage of total count
                 A         B        C        D         E       F
            +---------+---------+-------+---------+---------+-------
      Total |   11929 |   11731 |  49.6 |     269 |      59 |  18.0
            +---------+---------+-------+---------+---------+-------
        D:1 |      77 |       0 |   0.0 |      38 |       0 |   0.0
        D:2 |      49 |     220 |  81.8 |      21 |       1 |   4.5
        D:3 |      59 |      80 |  57.6 |      24 |       2 |   7.7
        D:4 |      29 |     191 |  86.8 |       3 |       1 |  25.0
        D:5 |     298 |       0 |   0.0 |      12 |       0 |   0.0
        D:6 |    1688 |     394 |  18.9 |      28 |       3 |   9.7
        D:7 |    1829 |     747 |  29.0 |      32 |       2 |   5.9
        D:8 |     632 |     962 |  60.4 |      21 |       5 |  19.2
        D:9 |    2133 |    4377 |  67.2 |      39 |      11 |  22.0
       D:10 |    1608 |     338 |  17.4 |      21 |       2 |   8.7
       D:11 |    1701 |     563 |  24.9 |      18 |      13 |  41.9
       D:12 |    1826 |       0 |   0.0 |      12 |       0 |   0.0
      IceCv |       0 |    3859 | 100.0 |       0 |      19 | 100.0
            +---------+---------+-------+---------+---------+-------
